 Dungeon Crawl Stone Soup version 0.18-b1-2-gd0c887e (webtiles) character file.

2086 RudyRod the Magician (level 9, -1/61 HPs)
             Began as a Demonspawn Ice Elementalist on Apr 28, 2016.
             Was a Priest of Sif Muna.
             Slain by an orc knight
             ... wielding a cursed +0 great mace
              (13 damage)
             ... in a bailey.
             The game lasted 02:37:50 (8451 turns).

RudyRod the Magician (Demonspawn Ice Elementalist)  Turns: 8451, Time: 02:37:51

Health: -1/61      AC: 16    Str: 14    XL:     9   Next: 6%
Magic:  0/17       EV: 14    Int: 19    God:    Sif Muna [***...]
Gold:   333        SH:  0    Dex: 19    Spells: 4 memorised, 9 levels left

rFire  . . .     SeeInvis .     i - +3 flail (protect)
rCold  . . .     Gourm    .     q - +1 leather armour
rNeg   . . .     Faith    .     (no shield)
rPois  .         Spirit   +     (no helmet)
rElec  .         Dismiss  .     (no cloak)
rCorr  .         Reflect  .     e - +0 pair of gloves
SustAt .         Harm     .     (no boots)
MR     +....                    o - amulet of guardian spirit
Stlth  +++.......               M - +3 ring of protection
                                D - ring of protection from magic

@: mighty, agile, somewhat resistant to hostile enchantments, fairly stealthy
A: talons 1, thin metallic scales 2, powered by death 1, powered by pain 1
a: Channel Energy, Renounce Religion


You were in a bailey.
You worshipped Sif Muna.
Sif Muna was most pleased with you.
You were not hungry.

You visited 1 branch of the dungeon, and saw 7 of its levels.
You also visited: Bailey.

You collected 333 gold pieces.

Inventory:

Hand Weapons
 g - a +2 halberd of electrocution
 i - a +3 flail of protection (weapon)
 n - a +2 spear of freezing
 y - a +3 long sword of venom
 J - a cursed -3 whip
Missiles
 h - 42 tomahawks of returning (quivered)
Armour
 e - a +0 pair of gloves (worn)
 q - a +1 leather armour (worn)
Jewellery
 o - an amulet of guardian spirit (around neck)
 w - an uncursed amulet of faith
 D - a ring of protection from magic (left hand)
 M - a +3 ring of protection (right hand)
Wands
 O - a wand of acid (6/15)
Scrolls
 a - a scroll of identify
 E - a scroll of recharging
 F - a scroll of immolation
 G - a scroll of amnesia
Potions
 d - a potion of resistance {unknown}
 j - a potion of berserk rage
 l - 5 potions of curing
 p - a potion of lignification {unknown}
 r - a potion of ambrosia {unknown}
 s - a potion of degeneration {unknown}
 z - a potion of cancellation {unknown}
Books
 b - a book of Frost

   Spells                             Type                      Level
   a - Freeze                         Ice                          1
   b - Throw Frost                    Conjuration/Ice              2
   c - Ozocubu's Armour               Charms/Ice                   3
   d - Throw Icicle                   Conjuration/Ice              4
   e - Summon Ice Beast               Ice/Summoning                4
 k - a book of Clouds

   Spells                             Type                      Level
   a - Mephitic Cloud                 Conjuration/Poison/Air       3
   b - Conjure Flame                  Conjuration/Fire             3
   c - Poisonous Cloud                Conjuration/Poison/Air       6
   d - Freezing Cloud                 Conjuration/Ice/Air          6
   e - Ring of Flames                 Charms/Fire                  7
 A - a book of Transfigurations

   Spells                             Type                      Level
   a - Irradiate                      Conjuration/Transmutation    5
   b - Statue Form                    Transmutation/Earth          6
   c - Hydra Form                     Transmutation                6
   d - Dragon Form                    Transmutation                7
 I - a book of the Tempests

   Spells                             Type                      Level
   a - Static Discharge               Conjuration/Air              3
   b - Lightning Bolt                 Conjuration/Air              5
   c - Fireball                       Conjuration/Fire             5
   d - Tornado                        Air                          9
   e - Shatter                        Earth                        9
Comestibles
 c - 2 bread rations
 f - 2 meat rations
 u - a beef jerky
 B - 2 fruits


   Skills:
 + Level 1.8 Fighting
 + Level 2.1 Maces & Flails
 + Level 0.1 Polearms
 + Level 2.0 Armour
 + Level 3.6 Dodging
 + Level 2.5 Stealth
 + Level 5.9 Spellcasting
 + Level 3.0 Conjurations
 + Level 5.4 Ice Magic
 * Level 3.1 Air Magic
 * Level 4.0 Poison Magic


You had 9 spell levels left.
You knew the following spells:

 Your Spells              Type           Power        Failure   Level  Hunger
a - Freeze                Ice            ####         1%          1    None
b - Throw Frost           Conj/Ice       ###...       4%          2    None
c - Mephitic Cloud        Conj/Pois/Air  ###.....     12%         3    ##.....
d - Throw Icicle          Conj/Ice       ###.....     28%         4    ####...


Dungeon Overview and Level Annotations

Branches:
Dungeon (7/15)
 Temple: D:4-7

Altars:
Ashenzari
Cheibriados
Dithmenos
Elyvilon
Fedhas
Gozag
Nemelex Xobeh
Pakellas
Qazlal
Ru
Sif Muna
Vehumet
Xom
Yredelemnul


Innate Abilities, Weirdness & Mutations

You have sharp toenails.
You are mostly covered in thin metallic scales (AC +3).
You regenerate a little health from kills.
You sometimes gain a little power by taking damage.


Message History

You claw the orc knight, but do no damage.
The orc knight is moderately wounded.
The orc knight hits you with a great mace!!
* * * LOW HITPOINT WARNING * * *
You closely miss the orc knight.
You claw the orc knight, but do no damage.
The orc knight is moderately wounded.
The orc knight barely misses you.
Things that are here:
a hobgoblin skeleton; a kobold skeleton
There is an open door here.
Items here: ( )) ÷÷ a halberd of electrocution x2; 4 tomahawks of returning; a gnoll skeleton a hobgoblin skeleton
There is an open door here.
There is a gate leading back out of this place, spattered with blood here.
Things that are here:
a halberd; 3 tomahawks of returning The orc knight hits you with a great mace!
You die...

### ### ##### ### ##
#∩###.###.)÷###.# #.#
##'##'##'###÷##'##'#
##)....## ##.....#
###...o.#####..(..###
#.'..@..'.#.'..⌠..'.#
###.....#####....(###
#.....## #(....##
#'##'##'###'##'##'##
#.# #.###.#.# #.###.#
## ### #### ### #)#
#.#.# # ##.# '#
#'##'##(## #...))##


You could see an orc knight.

Vanquished Creatures
  Menkaure (D:6)
  A sky beast (D:6)
  An orc warrior (D:5)
  4 ogres
  A gnoll sergeant (D:6)
  2 giant frogs (D:6)
  A jelly (D:6)
  3 scorpions (D:6)
  A crimson imp (D:5)
  A howler monkey (D:5)
  A hound (D:5)
  4 orc priests
  3 giant frog skeletons
  8 orc wizards
  4 worker ants
  15 gnolls
  11 adders
  A shadow imp (D:6)
  3 oozes
  An adder zombie (D:5)
  An adder skeleton (D:6)
  A worm (D:3)
  3 dart slugs
  7 giant geckos
  34 orcs
  7 bats
  2 giant cockroaches
  11 goblins
  23 hobgoblins
  6 jackals
  14 kobolds
  2 quokkas
  2 ball pythons (D:3)
  4 giant newts
  A quokka zombie (D:4)
  12 rats
197 creatures vanquished.

Notes
Turn   | Place    | Note
--------------------------------------------------------------
     0 | D:1      | RudyRod the Demonspawn Ice Elementalist began the quest for the Orb.
     0 | D:1      | Reached XP level 1. HP: 13/13 MP: 3/3
   335 | D:1      | Gained mutation: You sometimes gain a little power by taking damage. [demonic ancestry]
   335 | D:1      | Reached XP level 2. HP: 18/19 MP: 0/5
   553 | D:1      | Learned a level 2 spell: Throw Frost
   762 | D:1      | Reached XP level 3. HP: 24/24 MP: 1/7
  1108 | D:2      | Found a shimmering altar of Xom.
  1110 | D:2      | Found a deep blue altar of Sif Muna.
  1112 | D:2      | Found an oddly glowing altar of Pakellas.
  1112 | D:2      | Found an opulent altar of Gozag.
  1112 | D:2      | Found a sparkling altar of Nemelex Xobeh.
  1112 | D:2      | Found a stormy altar of Qazlal.
  1113 | D:2      | Found a shadowy altar of Dithmenos.
  1234 | D:2      | Gained mutation: You are partially covered in thin metallic scales (AC +2). [demonic ancestry]
  1234 | D:2      | Reached XP level 4. HP: 13/30 MP: 1/8
  1357 | D:2      | Became a worshipper of Sif Muna the Loreminder
  1463 | D:2      | Found a radiant altar of Vehumet.
  1554 | D:2      | Found a blossoming altar of Fedhas.
  1975 | D:3      | Gained mutation: You regenerate a little health from kills. [demonic ancestry]
  1975 | D:3      | Reached XP level 5. HP: 36/36 MP: 0/10
  2838 | D:4      | Found a basalt altar of Yredelemnul.
  2893 | D:4      | Reached XP level 6. HP: 34/42 MP: 1/11
  2943 | D:4      | Learned a level 3 spell: Mephitic Cloud
  3407 | D:4      | Reached skill level 1 in Fighting
  3548 | D:4      | Found a snail-covered altar of Cheibriados.
  3648 | D:4      | Found a white marble altar of Elyvilon.
  3715 | D:5      | Entered Level 5 of the Dungeon
  3898 | D:5      | Reached * piety under Sif Muna
  3898 | D:5      | Reached skill level 1 in Air Magic
  3898 | D:5      | Reached skill level 1 in Poison Magic
  4391 | D:4      | Reached skill level 1 in Armour
  4391 | D:4      | Gained mutation: You are mostly covered in thin metallic scales (AC +3). [demonic ancestry]
  4391 | D:4      | Reached XP level 7. HP: 48/48 MP: 1/13
  5393 | D:5      | Found a shattered altar of Ashenzari.
  5416 | D:5      | Reached skill level 1 in Maces & Flails
  5667 | D:6      | Learned a level 4 spell: Throw Icicle
  5740 | D:6      | Noticed Menkaure
  5757 | D:6      | Killed Menkaure
  5757 | D:6      | Reached ** piety under Sif Muna
  5757 | D:6      | Gained mutation: You have sharp toenails. [demonic ancestry]
  5757 | D:6      | Reached XP level 8. HP: 40/54 MP: 3/15
  5868 | D:6      | Reached skill level 5 in Spellcasting
  5883 | D:6      | Reached skill level 5 in Ice Magic
  6488 | D:6      | Found a sacrificial altar of Ru.
  7489 | D:6      | Reached *** piety under Sif Muna
  7966 | D:7      | Found a flagged portal.
  7977 | D:7      | Reached XP level 9. HP: 57/61 MP: 1/17
  7986 | Bailey   | Entered a bailey
  8411 | Bailey   | Noticed an orc knight
  8451 | Bailey   | Slain by an orc knight

Skill      XL: |  1  2  3  4  5  6  7  8  9 |
---------------+----------------------------+-----
Ice Magic      | 3 4 5 |  5.4
Dodging        | 2 3 |  3.6
Stealth        | 2 |  2.5
Spellcasting   | 3 4 5 |  5.9
Fighting       | 1 |  1.8
Conjurations   | 2 3 |  3.0
Air Magic      | 1 2 3 |  3.1
Poison Magic   | 1 2 3 4 |  4.0
Armour         | 1 2 |  2.0
Maces & Flails | 1 2 |  2.1
Polearms       | |  0.1

Action                   |  1- 3 |  4- 6 |  7- 9 || total
-------------------------+-------+-------+-------++-------
Melee: Unarmed           |    19 |       |       ||    19
       Club              |    56 |     2 |       ||    58
       Dagger            |     2 |       |       ||     2
       Spear             |       |    30 |       ||    30
       Flail             |       |    61 |   152 ||   213
       Kick              |       |       |    29 ||    29
Throw: Throwing net      |       |       |     1 ||     1
       Tomahawk          |       |       |     2 ||     2
 Cast: Freeze            |    33 |    54 |    73 ||   160
       Throw Frost       |    17 |    77 |    91 ||   185
       Mephitic Cloud    |       |     5 |    10 ||    15
       Throw Icicle      |       |       |    12 ||    12
Invok: Channel Energy    |       |     1 |     8 ||     9
  Use: Scroll            |     1 |     9 |     4 ||    14
       Potion            |       |     3 |     5 ||     8
 Stab: Held in net/web   |       |       |     1 ||     1
       Confused          |       |       |     1 ||     1
  Eat: Chunk             |     1 |    13 |     5 ||    19
       Fruit             |       |     2 |     1 ||     3
       Bread ration      |       |       |     2 ||     2
       Meat ration       |       |       |     1 ||     1
Armor: Robe              |    20 |     1 |       ||    21
       Leather armour    |       |    43 |    81 ||   124
Dodge: Dodged            |    50 |    97 |   191 ||   338
